 Dungeon Crawl Stone Soup version 0.16-a0-3606-g1520cdc (webtiles) character file.

207 PolkaDot the Ruffian (level 5, 0/47 HPs)
             Began as a Draconian Chaos Knight on Jan 13, 2015.
             Was a Plaything of Xom.
             Slain by a giant frog (8 damage)
             ... in a sewer.
             The game lasted 00:11:44 (3411 turns).

PolkaDot the Ruffian (Draconian Chaos Knight)       Turns: 3411, Time: 00:11:44

Health: 0/47       AC:  8    Str: 14    XL:     5   Next: 54%
Magic:  4/4        EV: 13    Int: 13    God:    Xom [*.....]
Gold:   159        SH:  0    Dex: 11    Spells: 0 memorised, 4 levels left

rFire  + . .     SeeInvis .       - Unarmed
rCold  + + .     Clarity  .     (armour unavailable)
rNeg   . . .     SustAb   .     (no shield)
rPois  .         Gourm    .     (helmet restricted)
rElec  .         Spirit   .     (no cloak)
rCorr  .         Warding  .     (no gloves)
rMut   .         Stasis   .     f - +0 pair of boots
MR     .....                    (no amulet)
Stlth  +.........               (no ring)
                                s - +2 ring of protection

@: constricted, not resistant to hostile enchantments, very unstealthy
A: unfitting armour, antennae 1, hooves 1, breathe flames 1, cold resistance 2,
deterioration 1, fire resistance 1, low mp 1, evolution 1, cold-blooded, AC +5
a: Renounce Religion, Breathe Fire


You were in a sewer.
You worshipped Xom.
You were a special plaything of Xom.
You were not hungry.

You visited 1 branch of the dungeon, and saw 3 of its levels.
You also visited: Sewer.

You collected 159 gold pieces.

Inventory:

Armour
 f - a +0 pair of boots (worn)
Jewellery
 s - a +2 ring of protection (left hand)
Scrolls
 c - a scroll of magic mapping
 m - a scroll of recharging
 n - a scroll of amnesia {unknown}
 o - a scroll of fog
 q - a scroll of remove curse {unknown}
Potions
 e - 3 potions of magic
Comestibles
 a - 2 bread rations
 b - a royal jelly
 g - 10 chunks of flesh
 h - a meat ration


   Skills:
 + Level 4.4 Fighting
 + Level 3.1 Dodging
 * Level 5.0 Unarmed Combat


You had 4 spell levels left.
You didn't know any spells.

Dungeon Overview and Level Annotations

Branches:
Dungeon (3/15)

Altars:


Innate Abilities, Weirdness & Mutations

Your plain brown scales are hard (AC +5).
Your body does not fit into most forms of armour.
Your cold-blooded metabolism reacts poorly to cold.
You have a pair of small antennae on your head.
You have large cloven feet.
You can breathe flames.
Your flesh is very cold resistant.
Your body is slowly deteriorating.
Your flesh is heat resistant.
Your magical capacity is low (-10% MP).
You evolve.


Message History

* * * LOW HITPOINT WARNING * * *
The adder bites you but does no damage. The giant frog hits you.
* * * LOW HITPOINT WARNING * * *
The giant newt barely misses you. The ball python bites you.
* * * LOW HITPOINT WARNING * * *
The ball python constricts you.
The giant frog hits you but does no damage.
Drink which item? (? for menu, Esc to quit)
It was a potion of cancellation.
Your magical effects are unravelling.
Your magical contamination has completely faded away.
You feel magically purged.
Xom roars with laughter!
You feel yourself slow down.
You feel a little less clever now.
The ball python bites you but does no damage.
The adder closely misses you.
The giant frog hits you but does no damage.
The adder bites you but does no damage. The giant frog hits you!
You die...
Xom guffaws!

####################
≈≈≈≈≈≈≈≈≈≈≈≈≈≈≈≈...##
≈≈≈≈≈≈≈≈≈≈≈≈≈≈≈.S...#
≈≈≈≈≈≈≈≈≈≈≈≈≈≈≈lSF..#
≈≈≈≈≈≈≈≈≈≈≈≈≈≈SS@F..#
≈≈≈≈≈≈≈≈≈≈≈≈≈≈≈S.S..#
≈≈≈≈≈≈≈≈≈≈≈≈≈≈≈....##
##################+#


You could see 2 giant frogs, 2 adders, 4 ball pythons and a giant newt.

Vanquished Creatures
  7 river rats
  3 adders
  3 giant mites
  3 worms
  3 oozes
  4 giant cockroaches
  5 hobgoblins
  11 ball pythons
  10 bats
  A giant gecko (D:1)
  9 giant newts
  A giant newt (shapeshifter) (Sewer)
  2 goblins (D:2)
  8 kobolds
  2 quokkas
  23 rats
95 creatures vanquished.

Vanquished Creatures (others)
  2 butterflies (D:3)
2 creatures vanquished.

Grand Total: 97 creatures vanquished

Notes
Turn   | Place    | Note
--------------------------------------------------------------
     0 | D:1      | PolkaDot, the Draconian Chaos Knight, began the quest for the Orb.
     0 | D:1      | Reached XP level 1. HP: 19/19 MP: 1/1
   461 | D:1      | XOM: silly message
   463 | D:1      | Reached XP level 2. HP: 23/26 MP: 2/2
   474 | D:1      | XOM: colour smoke trail
   777 | D:1      | XOM: divination: detect items
   781 | D:1      | XOM: divination: detect items
   887 | D:1      | Reached XP level 3. HP: 31/31 MP: 3/3
  1181 | D:1      | XOM: mild Hex miscast
  1226 | D:2      | Reached skill level 4 in Unarmed Combat
  1268 | D:2      | XOM is BORED!
  1268 | D:2      | XOM: 1-stop teleportation journey
  1467 | D:2      | XOM: give mutation
  1467 | D:2      | Gained mutation: Your flesh is cold resistant. [Xom's grace]
  1601 | D:2      | XOM: give mutations
  1601 | D:2      | Gained mutation: You can breathe flames. [Xom's grace]
  1601 | D:2      | Gained mutation: You have a pair of small antennae on your head. [Xom's grace]
  1601 | D:2      | Gained mutation: You evolve. [Xom's grace]
  1601 | D:2      | Gained mutation: You have large cloven feet. [Xom's grace]
  1851 | D:2      | XOM: 1-stop teleportation journey
  1893 | D:3      | Reached XP level 4. HP: 40/40 MP: 4/4
  2174 | D:3      | XOM: vitrification
  2196 | D:3      | Found a glowing drain.
  2220 | D:3      | XOM: cast spell 'Blink'
  2220 | D:3      | XOM: butterfly on damage
  2222 | D:3      | XOM: butterfly on damage
  2227 | Sewer    | Entered a sewer
  2424 | Sewer    | XOM: 1-stop teleportation journey
  2477 | Sewer    | HP: 2/40 [river rat (2)]
  2785 | Sewer    | XOM: 1-stop teleportation journey
  2895 | Sewer    | Reached XP level 5. HP: 18/46 MP: 5/5
  2994 | Sewer    | XOM: harmless Conj miscast
  3097 | Sewer    | XOM: blink monster(s)
  3201 | Sewer    | XOM: chaos cloud
  3203 | Sewer    | XOM: noise
  3211 | Sewer    | Paralysed by you for 5 turns
  3219 | Sewer    | XOM: summons 3 hostile shadow creatures
  3232 | Sewer    | Reached skill level 5 in Unarmed Combat
  3232 | Sewer    | Gained mutation: Your body is slowly deteriorating. [mutagenic glow]
  3322 | Sewer    | Gained mutation: Your flesh is very cold resistant. [evolution]
  3335 | Sewer    | Gained mutation: Your flesh is heat resistant. [mutagenic meat]
  3338 | Sewer    | Gained mutation: Your magical capacity is low (-10% MP). [mutagenic meat]
  3353 | Sewer    | XOM: harmless Pois miscast
  3405 | Sewer    | Noticed a giant frog
  3405 | Sewer    | Noticed a giant frog
  3405 | Sewer    | XOM: harmless Pois miscast
  3411 | Sewer    | Slain by a giant frog

Action                   |  1- 3 |  4- 6 || total
-------------------------+-------+-------++-------
Melee: Unarmed           |   163 |   222 ||   385
  Use: Scroll            |       |     9 ||     9
       Potion            |       |    11 ||    11
 Stab: Paralysed         |       |     4 ||     4
  Eat: Chunk             |     3 |    10 ||    13
